 Dungeon Crawl Stone Soup version 0.29.0-4-gdea44cf6ec (webtiles) character file.

Game seed: 1961769442700661471

132 qw the Chopper (level 4, -1/39 HPs)
             Began as a Minotaur Fighter on Sept 4, 2022.
             Killed from afar by Natasha (5 damage)
             ... with a magic dart
             ... on level 2 of the Dungeon.
             The game lasted 00:00:46 (2063 turns).

qw the Chopper (Minotaur Fighter)                   Turns: 2063, Time: 00:00:47

Health: -1/39      AC:  6    Str: 23    XL:     4   Next: 92%
Magic:  3/3        EV:  9    Int:  5    God:
Gold:   65         SH:  4    Dex:  9    Spells: 3/3 levels left

rFire   . . .      SeeInvis .   Y - +1 war axe
rCold   . . .      Faith    .   c - +0 buckler
rNeg    . . .      Spirit   .   b - +0 scale mail
rPois   .          Reflect  .   (helmet restricted)
rElec   .          Harm     .   (no cloak)
rCorr   .          Rampage  .   (no gloves)
Will    .....                   (no boots)
Stlth   ..........              (no amulet)
HPRegen 0.13/turn               (no ring)
MPRegen 0.08/turn               (no ring)

@: no status effects
A: horns 2, retaliatory headbutt
a: no special abilities


You were on level 2 of the Dungeon.
You visited 1 branch of the dungeon, and saw 2 of its levels.

You collected 65 gold pieces.


Innate Abilities, Weirdness & Mutations

You have a pair of horns on your head.
You reflexively headbutt those who attack you in melee.


   Skills:
 - Level 3.6 Fighting
 + Level 5.8 Axes
 - Level 3.6 Armour
 - Level 1.6 Dodging
 - Level 3.6 Shields


You had 3 spell levels left.
You didn't know any spells.
Your spell library was empty.

Inventory:

Hand Weapons
 h - a +0 whip
 Y - a +1 war axe (weapon)
Armour
 b - a +0 scale mail (worn)
 c - a +0 buckler (worn)
Scrolls
 f - a scroll of teleportation {unknown}
Potions
 a - a potion of berserk rage {unknown}
 d - a potion of might
 e - a potion of lignification {unknown}
 j - a potion of heal wounds {unknown}

Dungeon Overview and Level Annotations

Branches:
Dungeon (2/15)

Altars:

Annotations:
D:2 Natasha


Message History

You closely miss the hobgoblin. You slash the hobgoblin!
You kill the hobgoblin!
Robin barely misses you. The hobgoblin barely misses you.
Robin closely misses you. You block the hobgoblin's attack.
You slash Robin!
You kill Robin!
You barely miss the hobgoblin. The hobgoblin hits you.
You barely miss the hobgoblin.
The hobgoblin is moderately wounded.
The hobgoblin closely misses you. You furiously retaliate!
You headbutt the hobgoblin, but do no damage.
You completely miss the hobgoblin.
The hobgoblin is moderately wounded.
The hobgoblin barely misses you.
You hit the hobgoblin. Your headbutt misses the hobgoblin.
The hobgoblin is severely wounded.
The hobgoblin no longer looks unusually strong.
The hobgoblin hits you but does no damage. x2
You hit the hobgoblin.
You kill the hobgoblin!
You start resting.
Natasha, Servant of Life and Death comes into view.
2053 ||| FLEEEEING.
There is an open door, spattered with blood here.
You see here a hobgoblin corpse.
2054 ||| FLEEEEING.
Natasha hisses angrily.
2055 ||| FLEEEEING.
2056 ||| FLEEEEING.
2057 ||| FLEEEEING.
Natasha casts a spell.
2060 ||| FLEEEEING.
2061 ||| FLEEEEING.
The crimson imp blinks!
2062 ||| FLEEEEING.
2063 ||| FLEEEEING.
Natasha casts a spell at you. The magic dart hits you.
You die...

## ##...## #..........# ##.##
#.#.#.###### #..# #.#.#.## ##.#
#.#....# #+# # #.# #.###..# #...
## ###.# #.# #..# #.... .##
##.#.# #.###..# ##)....
..####....#######......####.)....
..'..........%..@......h..%))....
..####....##########...####......
.## ##.#.# ##..# ##..... ##
####.# ##.# #.... # #....# #.#
#... #.#### #.# #+# #.# ..# #.#
## ######.#


You could see Natasha.

Vanquished Creatures
  Natasha (D:2)
  Robin (D:2)
  3 adders (D:2)
  A worm (D:2)
  2 dart slugs (D:1)
  3 ball pythons (D:1)
  2 bats (D:1)
  An endoplasm (D:1)
  2 giant cockroaches (D:1)
  10 goblins
  11 hobgoblins
  6 jackals
  A quokka (D:1)
  3 frilled lizards (D:1)
  5 kobolds
  9 rats
61 creatures vanquished.

Notes
Turn   | Place    | Note
-------+----------+-------------------------------------------
     0 | D:1      | qw the Minotaur Fighter began the quest for the Orb.
     0 | D:1      | Reached XP level 1. HP: 19/19 MP: 0/0
     0 | D:1      | 0 ||| qw: Version: 0.1-a-103-gd6f5d3a
     0 | D:1      | 0 ||| qw: Game counter: 5690
     0 | D:1      | 0 ||| qw: Always use a shield: true
     0 | D:1      | 0 ||| qw: God list: Ru
     0 | D:1      | 0 ||| qw: Allow faded altars: false
     0 | D:1      | 0 ||| qw: Do Orc after D:15 true
     0 | D:1      | 0 ||| qw: Do second Lair branch before Depths: true
     0 | D:1      | 0 ||| qw: Lair rune preference: random
     0 | D:1      | 0 ||| qw: Plans: Normal
     0 | D:1      | 0 ||| PLANNING D:1-11
   169 | D:1      | 169 ||| DROPPING +0 club.
   177 | D:1      | Reached skill level 3 in Axes
   188 | D:1      | 188 ||| Stepping ~*~*~tactically~*~*~ (stealth).
   191 | D:1      | 191 ||| Stepping ~*~*~tactically~*~*~ (stealth).
   209 | D:1      | Reached XP level 2. HP: 17/26 MP: 1/1
   577 | D:1      | Reached skill level 4 in Axes
   621 | D:1      | 621 ||| Stepping ~*~*~tactically~*~*~ (stealth).
   624 | D:1      | 624 ||| Stepping ~*~*~tactically~*~*~ (stealth).
   798 | D:1      | Reached XP level 3. HP: 24/31 MP: 2/2
  1177 | D:1      | 1177 ||| READING scroll labelled VIWIUJ XUAR.
  1178 | D:1      | 1178 ||| READING scroll labelled ECLAOMEMOK.
  1179 | D:1      | 1179 ||| READING scroll labelled OZAONGOTYM.
  1180 | D:1      | 1180 ||| READING scroll labelled JAZO ZEHEBRENU.
  1181 | D:1      | 1181 ||| READING scroll labelled VUTOME EHESS.
  1182 | D:1      | 1182 ||| Stepping randomly (stuck).
  1183 | D:1      | 1183 ||| Stepping ~*~*~tactically~*~*~ (cloud).
  1515 | D:2      | Reached skill level 5 in Axes
  1608 | D:2      | Noticed Natasha
  1610 | D:2      | Killed Natasha
  1611 | D:2      | Reached skill level 1 in Dodging
  1611 | D:2      | Reached XP level 4. HP: 39/39 MP: 3/3
  1683 | D:2      | 1683 ||| Stepping ~*~*~tactically~*~*~ (hiding).
  1862 | D:2      | 1862 ||| Stepping ~*~*~tactically~*~*~ (stealth).
  2029 | D:2      | Noticed Robin
  2038 | D:2      | HP: 9/39 [hobgoblin[Robin] (6)]
  2041 | D:2      | Killed Robin
  2041 | D:2      | HP: 1/39 [hobgoblin[Robin] (5)]
  2052 | D:2      | Noticed Natasha
  2053 | D:2      | 2053 ||| FLEEEEING.
  2054 | D:2      | 2054 ||| FLEEEEING.
  2055 | D:2      | 2055 ||| FLEEEEING.
  2056 | D:2      | 2056 ||| FLEEEEING.
  2057 | D:2      | 2057 ||| FLEEEEING.
  2060 | D:2      | 2060 ||| FLEEEEING.
  2061 | D:2      | 2061 ||| FLEEEEING.
  2062 | D:2      | 2062 ||| FLEEEEING.
  2063 | D:2      | 2063 ||| FLEEEEING.
  2063 | D:2      | Killed from afar by Natasha

Levels and vault maps discovered:
D:1:      dpeg_arrival_simpleton_b, layout_basic, serial_bayou_pond_e
D:2:      layout_loops_corners, uniq_robin, uniq_natasha

Skill      XL: |  1  2  3 |
---------------+----------+-----
Axes           | 3 4 5 |  5.8
Dodging        | 1 |  1.6
Fighting       | |  3.6
Armour         | |  3.6
Shields        | |  3.6

Action                   |  1- 3 |  4- 6 || total
-------------------------+-------+-------++-------
Melee: War axe           |    79 |    24 ||   103
       Headbutt          |     9 |     3 ||    12
  Use: Scroll            |     5 |       ||     5
Armor: Scale mail        |    23 |    13 ||    36
Dodge: Dodged            |    25 |    21 ||    46
Block: Buckler           |     8 |     9 ||    17

Table legend:
 A = Non-vault XP
 B = Vault XP
 C = Vault XP percentage of total XP
 D = Non-vault monster count
 E = Vault monster count
 F = Vault count percentage of total count
                 A         B        C        D         E       F
            +---------+---------+-------+---------+---------+-------
      Total |     115 |      74 |  39.2 |      47 |      14 |  23.0
            +---------+---------+-------+---------+---------+-------
        D:1 |      52 |       0 |   0.0 |      31 |       0 |   0.0
        D:2 |      63 |      74 |  54.0 |      16 |      14 |  46.7
            +---------+---------+-------+---------+---------+-------
